 Dungeon Crawl Stone Soup version 0.23.2-33-g5129a83184 (webtiles) character file.

Game seed: 1991024580211390166

203 mikogus the Poker (level 5, -4/39 HPs)
             Began as a Merfolk Skald on July 15, 2019.
             Slain by a bullfrog (7 damage)
             ... in a sewer.
             The game lasted 00:19:15 (3651 turns).

mikogus the Poker (Merfolk Skald)                   Turns: 3651, Time: 00:19:17

Health: -4/39      AC:  3    Str: 12    XL:     5   Next: 81%
Magic:  9/9        EV: 16    Int: 12    God:
Gold:   57         SH:  0    Dex: 14    Spells: 1/9 levels left

rFire    . . .     SeeInvis .   a - +0 spear
rCold    . . .     Gourm    .   (no shield)
rNeg     . . .     Faith    .   b - +0 leather armour
rPois    .         Spirit   .   (no helmet)
rElec    .         Reflect  .   (no cloak)
rCorr    .         Harm     .   (no gloves)
MR       .....                  (boots currently unavailable)
Stlth    ++........             (no amulet)
HPRegen  0.13/turn              (no ring)
MPRegen  0.11/turn              (no ring)

@: lethally poisoned (-4 -> -6), about to teleport, singing, very slightly
contaminated, very quick
A: change form in water, swift swim, stealthy swim
a: no special abilities


You were in a sewer.
You were not hungry.

You visited 1 branch of the dungeon, and saw 3 of its levels.
You also visited: Sewer.

You collected 57 gold pieces.

Inventory:

Hand Weapons
 a - a +0 spear (weapon)
 l - a +1 dagger of venom
 o - a +1 dagger of venom
Missiles
 k - 45 bolts
Armour
 b - a +0 leather armour (worn)
 h - a +0 pair of boots
Jewellery
 j - an uncursed ring of protection from fire {unknown}
 u - an uncursed ring of stealth {unknown}
Scrolls
 i - 2 scrolls of magic mapping {unknown}
 n - 2 scrolls of remove curse {unknown}
 q - a scroll of identify {unknown}
 t - a scroll of fear {unknown}
Potions
 c - a potion of magic
 f - 2 potions of invisibility {unknown}
 g - 2 potions of brilliance {unknown}
 m - a potion of haste {unknown}
 p - 2 potions of lignification {unknown}
 r - a potion of curing {unknown}
 s - a potion of mutation {unknown}
Comestibles
 d - 3 rations


   Skills:
 + Level 2.7 Fighting
 + Level 5.0 Polearms
 + Level 1.3 Armour
 + Level 3.5 Dodging
 + Level 0.3 Stealth
 + Level 2.8 Spellcasting
 + Level 4.2 Charms
 + Level 0.5 Translocations


You had one spell level left.
You knew the following spells:

 Your Spells              Type           Power        Failure   Level  Hunger
a - Infusion              Chrm           ##..         5%          1    #......
b - Shroud of Golubria    Chrm/Tloc      #.........   19%         2    ###....
c - Spectral Weapon       Hex/Chrm       #.......     36%         3    ###....
d - Song of Slaying       Chrm           ##......     9%          2    ###....

Your spell library contained the following spells:

 Spells                   Type           Power        Failure   Level  Hunger
 Regeneration             Chrm/Necr      #.........   36%         3    ###....


Dungeon Overview and Level Annotations

Branches:
Dungeon (3/15)

Altars:
Fedhas


Message History

You hit the adder.
Your tail-slap misses the adder.
The adder is heavily wounded.
The adder barely misses you. The bullfrog hits you.
You barely miss the adder.
The adder is heavily wounded.
The adder bites you. The bullfrog hits you. x2
Your legs become a tail as you enter the water.
The adder bites you.
You are poisoned.
The adder poisons you!
Okay, then.
As you read the scroll of teleportation, it crumbles to dust.
You feel strangely unstable.
You feel sick. The adder bites you.
* * * LOW HITPOINT WARNING * * *
The bullfrog closely misses you. The adder barely misses you.
The bullfrog hits you!
* * * LOW HITPOINT WARNING * * *
It was a potion of magic.
Magic courses through your body. The bullfrog hits you!
You die...

≈≈≈#.≈≈≈≈≈≈≈≈≈≈†.≈≈#
≈≈##..≈#######≈≈≈≈≈#
≈.#≈≈≈##≈≈≈≈≈###≈#######
≈≈#≈≈##≈≈≈≈..≈.###≈.≈≈≈#
†##≈≈#≈≈..≈..≈†s.#≈.≈≈≈#
.#≈†##≈≈.$≈.≈##Sl#.≈≈≈≈#
.#≈≈# ≈.$?..≈ #.S#≈†#..#
≈#≈.# ≈.))F≈≈ #FF#≈≈#≈≈#
≈#≈≈# ≈≈...≈≈ #≈@##≈#.≈#
≈#≈≈# ≈≈.≈≈≈J #≈≈≈#≈#≈.#
≈#≈≈# ≈s≈≈.≈≈ #≈≈∩#≈#≈≈#
≈#≈≈## ##†≈≈#†#≈≈#
≈##≈≈# #≈≈###≈#≈≈#
≈≈#≈≈## ##≈≈#≈≈≈#≈.#
.≈#.≈≈## ##.%≈#≈≈##.##
≈≈##.≈≈#####≈≈.##≈≈#†.#
≈†≈#≈≈≈≈≈.≈≈≈≈≈#≈≈≈#.∩#


You could see 2 bullfrogs, an adder, a leopard gecko, a giant cockroach and a
ball python.

Vanquished Creatures
  8 adders
  9 oozes
  A worm (D:2)
  2 dart slugs (D:2)
  9 leopard geckos
  6 ball pythons
  4 bats
  11 giant cockroaches
  5 goblins
  5 hobgoblins
  12 frilled lizards
  5 kobolds
  4 rats
  A plant (D:1)
82 creatures vanquished.

Notes
Turn   | Place    | Note
-------+----------+-------------------------------------------
     0 | D:1      | mikogus the Merfolk Skald began the quest for the Orb.
     0 | D:1      | Reached XP level 1. HP: 16/16 MP: 3/3
   119 | D:1      | Reached XP level 2. HP: 19/22 MP: 5/5
  1253 | D:1      | Reached XP level 3. HP: 28/28 MP: 6/6
  1808 | D:2      | Found a blossoming altar of Fedhas.
  1848 | D:1      | Reached skill level 1 in Armour
  2001 | D:1      | Learned a level 2 spell: Shroud of Golubria
  2003 | D:2      | Reached skill level 4 in Polearms
  2100 | D:2      | Reached XP level 4. HP: 23/34 MP: 4/7
  2195 | D:2      | Noticed an ice beast
  2329 | D:1      | Learned a level 3 spell: Spectral Weapon
  2826 | D:3      | Found a glowing drain.
  2835 | Sewer    | Entered a sewer
  3014 | Sewer    | Reached XP level 5. HP: 37/39 MP: 8/8
  3070 | Sewer    | Learned a level 2 spell: Song of Slaying
  3371 | Sewer    | Reached skill level 5 in Polearms
  3651 | Sewer    | Slain by a bullfrog

Skill      XL: |  1  2  3  4  5 |
---------------+----------------+-----
Dodging        | 3 |  3.5
Armour         | 1 |  1.3
Polearms       | 4 5 |  5.0
Charms         | 4 |  4.2
Fighting       | |  2.7
Stealth        | |  0.3
Spellcasting   | |  2.8
Translocations | |  0.5

Action                   |  1- 3 |  4- 6 || total
-------------------------+-------+-------++-------
Melee: Spear             |   178 |   237 ||   415
       Tailslap          |       |     7 ||     7
 Cast: Infusion          |     5 |     5 ||    10
       Shroud of Golubri |     1 |    13 ||    14
       Song of Slaying   |       |     7 ||     7
  Use: Scroll            |     1 |     2 ||     3
       Potion            |       |     1 ||     1
 Stab: Sleeping          |       |     3 ||     3
  Eat: Ration            |     1 |     1 ||     2
       Chunk             |       |     4 ||     4
Armor: Leather armour    |    22 |    43 ||    65
Dodge: Dodged            |    70 |   143 ||   213
